 Dungeon Crawl Stone Soup version 0.27-a0-998-g4cfe56dd59 (webtiles) character file.

Game seed: 9525911373777294406

3526 robertstho the Archer (level 9, 0/82 HPs)
             Began as a Minotaur Hunter on Apr 16, 2021.
             Was a Believer of Okawaru.
             Slain by Prince Ribbit (5 damage)
             ... on level 7 of the Dungeon.
             The game lasted 00:11:05 (7695 turns).

robertstho the Archer (Minotaur Hunter)             Turns: 7695, Time: 00:11:05

Health: 0/82       AC: 13    Str: 17    XL:     9   Next: 82%
Magic:  7/9        EV: 10    Int:  8    God:    Okawaru [**....]
Gold:   236        SH:  0    Dex: 14    Spells: 8/8 levels left

rFire    . . .     SeeInvis .   a - +1 shortbow
rCold    . . .     Faith    .   (shield currently unavailable)
rNeg     . . .     Spirit   .   i - +0 chain mail
rPois    .         Reflect  .   (helmet restricted)
rElec    .         Harm     .   (no cloak)
rCorr    .         Rampage  .   (no gloves)
Will     .....                  c - +0 pair of boots
Stlth    ..........             (no amulet)
HPRegen  0.23/turn              (no ring)
MPRegen  0.11/turn              (no ring)

@: mighty, about to teleport, heroic, slowed, very slow
A: horns 2, retaliatory headbutt
a: Renounce Religion, Heroism


You were on level 7 of the Dungeon.
You worshipped Okawaru.
Okawaru was pleased with you.
You visited 2 branches of the dungeon, and saw 9 of its levels.
You also visited: Ossuary.

You collected 236 gold pieces.

Inventory:

Hand Weapons
 a - a +1 shortbow (weapon)
 b - a +0 short sword
 m - a +0 whip of electrocution
 t - a +5 trident
Missiles
 f - 2 throwing nets
 j - 12 arrows (quivered ammo)
Armour
 c - a +0 pair of boots (worn)
 i - a +0 chain mail (worn)
Wands
 v - a wand of flame (15)
 x - a wand of iceblast (4)
Scrolls
 h - a scroll of brand weapon
 r - 3 scrolls of teleportation
 s - a scroll of summoning
 u - 3 scrolls of magic mapping {unknown}
 y - a scroll of enchant weapon
Potions
 e - a potion of magic
 g - 2 potions of flight
 k - a potion of haste {unknown}
 l - a potion of ambrosia {unknown}
 n - 3 potions of might
 o - 2 potions of lignification {unknown}
 p - a potion of brilliance {unknown}
 q - 2 potions of attraction {unknown}
 w - a potion of mutation


   Skills:
 * Level 8.3(13.3) Fighting
 + Level 0.7(5.7) Short Blades
 + Level 4.5(9.5) Maces & Flails
 * Level 11.8(16.8) Bows
 + Level 5.5(10.5) Armour
 + Level 2.3(7.3) Dodging
 + Level 1.0(6.0) Stealth
 * Level 2.5 Invocations


You had 8 spell levels left.
You didn't know any spells.
Your spell library contained the following spells:

 Spells                   Type           Power      Damage    Failure   Level
 Sting                    Tmut/Pois      0%         1d3       99%         1
 Poisonous Vapours        Pois/Air       0%         N/A       99%         2
 Ignite Poison            Fire/Tmut/Pois 0%         N/A       100%        3
 Mephitic Cloud           Conj/Pois/Air  0%         N/A       100%        3
 Olgreb's Toxic Radiance  Pois           0%         N/A       100%        4


Dungeon Overview and Level Annotations

Branches:
Dungeon (8/15)             Temple (1/1) D:5         Ossuary (visited)
   Lair: D:8-11

Altars:
Fedhas
Makhleb
Okawaru
Qazlal
Sif Muna
Uskayaw
Vehumet
Xom
The Shining One

Shops:
D:6 =(:   D:7 (

Annotations:
D:7 Prince Ribbit


Innate Abilities, Weirdness & Mutations

You have a pair of horns on your head.
You reflexively headbutt those who attack you in melee.


Message History

The arrow barely misses the kobold brigand.
The arrow closely misses the kobold.
You feel sick.
Prince Ribbit hops awkwardly around.
You shoot an arrow. The arrow hits Prince Ribbit.
Prince Ribbit is lightly wounded.
You feel sick. Prince Ribbit hits you!
The kobold brigand throws a curare-tipped dart.
The curare-tipped dart barely misses you.
You shoot an arrow. The arrow hits Prince Ribbit.
Prince Ribbit is lightly wounded.
You feel sick. Prince Ribbit hits you!
The kobold brigand throws a curare-tipped dart.
The curare-tipped dart hits you.
You are more poisoned.
You have difficulty breathing.
* * * LOW HITPOINT WARNING * * *
You feel as though you will be slow longer.
You feel better.
Prince Ribbit hits you but does no damage. x3
You gain the combat prowess of a mighty hero.
Prince Ribbit hits you!
* * * LOW HITPOINT WARNING * * *
Prince Ribbit blinks!
The kobold brigand barely misses you. You furiously retaliate!
You headbutt the kobold brigand.
As you read the scroll of teleportation, it crumbles to dust.
You feel strangely unstable. The kobold misses you. Prince Ribbit hits you!
* * * LOW HITPOINT WARNING * * *
The kobold brigand barely misses you. The kobold hits you but does no damage.
Prince Ribbit hits you.
* * * LOW HITPOINT WARNING * * *
Unknown command.
It was a potion of might.
You feel very mighty all of a sudden. Prince Ribbit hits you.
* * * LOW HITPOINT WARNING * * *
The kobold brigand hits you but does no damage.
The kobold barely misses you. You furiously retaliate!
You headbutt the kobold!
You kill the kobold!
Prince Ribbit hits you.
You die...

. #.. .# (. #..#.#
... ..#.#
...(##.#.#
K...)..(.#
K....KK..# #..#
#..###############
#..(.(...K@......#
#..##...∩).F.###.#
##..#.######.#
#).#.# .# #..#.# #
##...# #...# ##..#
#.>#


You could see Prince Ribbit and a kobold brigand.

Vanquished Creatures
  An ugly thing (D:8)
  Grinder (D:3)
  3 yaks (D:8)
  4 vampire mosquitoes (D:8)
  A black bear (D:8)
  2 ogres
  2 necrophages
  2 centaurs
  4 elf zombies
  A bullfrog (D:6)
  A gnoll sergeant (D:5)
  A scorpion (D:5)
  A water moccasin zombie (D:5)
  2 wights (D:8)
  3 killer bees (D:8)
  4 centaur zombies
  A hound (D:5)
  An orc priest (D:5)
  A human skeleton (D:4)
  3 orc wizards
  4 iguanas
  A killer bee zombie (D:8)
  A hound zombie (Ossuary)
  A hound skeleton (D:4)
  4 mummies
  A howler monkey zombie (D:8)
  4 gnolls (D:5)
  8 adders
  An ufetubus (D:5)
  4 adder zombies (Ossuary)
  A worm (D:2)
  2 dart slugs (D:4)
  6 orcs
  7 endoplasms
  4 giant cockroaches
  3 gnoll zombies (Ossuary)
  6 goblins
  3 hobgoblins (D:1)
  A quokka (D:1)
  9 ball pythons
  A bat (D:1)
  3 goblin zombies (Ossuary)
  6 hobgoblin zombies (Ossuary)
  4 jackal zombies (Ossuary)
  10 kobolds
  3 kobold zombies (Ossuary)
  3 orc zombies
  2 quokka zombies (Ossuary)
  2 rats
  6 rat zombies (Ossuary)
150 creatures vanquished.

Notes
Turn   | Place    | Note
-------+----------+-------------------------------------------
     0 | D:1      | robertstho the Minotaur Hunter began the quest for the Orb.
     0 | D:1      | Reached XP level 1. HP: 18/18 MP: 0/0
    16 | D:1      | Found a faded altar of an unknown god.
   144 | D:1      | Reached XP level 2. HP: 25/25 MP: 1/1
   223 | D:1      | Reached skill level 5 in Bows
   719 | D:2      | Reached XP level 3. HP: 30/30 MP: 2/2
  1143 | D:3      | Found a radiant altar of Vehumet.
  1156 | D:3      | Reached skill level 6 in Bows
  1156 | D:3      | Reached XP level 4. HP: 37/37 MP: 3/3
  1157 | D:3      | Noticed Grinder
  1158 | D:3      | Paralysed by Grinder for 3 turns
  1800 | D:3      | Killed Grinder
  1801 | D:3      | Reached skill level 7 in Bows
  1801 | D:3      | Reached XP level 5. HP: 23/45 MP: 4/4
  1801 | D:3      | Reached XP level 6. HP: 26/51 MP: 5/5
  2490 | D:4      | Reached skill level 1 in Armour
  2617 | D:4      | Found a sand-covered staircase.
  2633 | D:4      | Reached skill level 8 in Bows
  2636 | Ossuary  | Entered an ossuary
  2865 | Ossuary  | Reached XP level 7. HP: 59/59 MP: 6/6
  2915 | Ossuary  | Reached skill level 1 in Maces & Flails
  3317 | D:4      | Reached skill level 5 in Fighting
  3788 | D:4      | Reached XP level 8. HP: 52/69 MP: 7/7
  3997 | D:4      | Found a shimmering blue altar of Sif Muna.
  4581 | D:5      | Entered Level 5 of the Dungeon
  4628 | D:5      | Reached skill level 9 in Bows
  5742 | D:5      | Found a staircase to the Ecumenical Temple.
  5753 | Temple   | Entered the Ecumenical Temple
  5883 | Temple   | Became a worshipper of Warmaster Okawaru
  6097 | D:6      | Reached skill level 10 in Bows
  6170 | D:6      | Found Kute's Jewellery Emporium.
  6226 | D:6      | Found Cacetunu's Weapon Shop.
  6248 | D:6      | Found Cymel's Book Shoppe.
  6260 | D:6      | You fall into a shaft and drop 2 floors!
  6293 | D:8      | Noticed a purple ugly thing
  6326 | D:8      | Killed a purple ugly thing
  6327 | D:8      | Reached skill level 1 in Invocations
  6327 | D:8      | Reached XP level 9. HP: 12/79 MP: 8/8
  6642 | D:8      | Reached * piety under Okawaru
  6651 | D:8      | Reached skill level 1 in Stealth
  6855 | D:8      | Reached skill level 5 in Armour
  7112 | D:8      | Reached skill level 11 in Bows
  7130 | D:8      | Reached ** piety under Okawaru
  7669 | D:7      | Found Forom's Antique Weapon Shop.
  7688 | D:7      | Noticed Prince Ribbit
  7695 | D:7      | Slain by Prince Ribbit

Illustrated notes

Levels and vault maps discovered:
D:1:      scummos_arrival_star, layout_rooms, chequers_ecumenical_altar_simple,
          kennysheep_crisscross, minivault_14, dk_noncrumbling_3
D:2:      layout_rooms, item_on_display_a
D:3:      minmay_spotlight, layout_basic, general_overflow_altar,
          interstate_on_off, uniq_grinder
D:4:      layout_layer_cave, kennysheep_orc_sif_temple,
          nicolae_ossuary_entry_catacombs
D:5:      layout_loops_ring, minmay_temple_entry_junction
D:6:      layout_layer_cave, lemuel_zombie_altar_kikubaaqudgha,
          nzn_wu_jian_council_hall, serial_shops, nicolae_shop_statue_plus,
          kennysheep_mini_moat, shop, shop, shop
D:7:      layout_basic, lemuel_crystal_altar, serial_shops, shop,
          uniq_prince_ribbit1
D:8:      layout_layer_cave, serial_undead, serial_undead_b, serial_undead_b,
          serial_undead_a, serial_undead_a, serial_undead_e, serial_undead_f
Temple:   dpeg_chambers_temple

Skill      XL: |  1  2  3  4  5  6  7  8  9 |
---------------+----------------------------+-----
Bows           | 5 6 7 8 10 11 | 11.8
Fighting       | 3 4 5 7 8 |  8.3
Armour         | 1 2 4 5 |  5.5
Maces & Flails | 4 |  4.5
Invocations    | 1 2 |  2.5
Stealth        | 1 |  1.0
Short Blades   | |  0.7
Dodging        | |  2.3

Action                   |  1- 3 |  4- 6 |  7- 9 || total
-------------------------+-------+-------+-------++-------
Melee: Short sword       |       |    10 |       ||    10
       Whip              |       |    65 |   130 ||   195
       Headbutt          |       |    16 |    30 ||    46
 Fire: Shortbow          |    80 |    39 |   276 ||   395
Invok: Heroism           |       |       |     2 ||     2
  Use: Scroll            |     2 |     3 |     7 ||    12
       Potion            |       |       |     4 ||     4
Armor: Leather armour    |     2 |       |       ||     2
       Chain mail        |     4 |    49 |   152 ||   205
Dodge: Dodged            |     8 |    22 |   105 ||   135

Table legend: (Time is in decaauts)
 A = Elapsed time spent in this place.
 B = Non-inter-level travel time spent in this place.
 C = Inter-level travel time spent in this place.
 D = Time resting spent in this place.
 E = Time spent auto-exploring this place.
 F = Levels seen in this place.
 G = Mean time per level.
                   A        B        C        D        E       F      G
               +--------+--------+--------+--------+--------+-----+--------+
         Total |   7653 |   7460 |    193 |    264 |   6006 |  10 |  765.3 |
       Dungeon |   6962 |   6798 |    164 |    264 |   5512 |   8 |  870.2 |
        Temple |    159 |    130 |     29 |      0 |    126 |   1 |  159.0 |
       Ossuary |    531 |    531 |      0 |      0 |    368 |   1 |  531.0 |
               +--------+--------+--------+--------+--------+-----+--------+

Top non-repeatable levels by time:
     D:4: 1706 daAuts
     D:8: 1365 daAuts
     D:5: 1312 daAuts
     D:3: 877 daAuts
     D:2: 801 daAuts
     D:1: 670 daAuts
 Ossuary: 531 daAuts
     D:6: 187 daAuts
  Temple: 159 daAuts
     D:7: 41 daAuts
